TOP OF THE 1ST |
Creighton Blue Jays batting - Pitching for Oregon Ducks : RHP Larry Messer
|
Pitching: RHP Larry Messer
|
|
Batting: LHB Marcos Torres
|
0-0: Ball 1-0: Called Strike 1-1: Foul Ball, location: 2F 1-2: Strikes out swinging
|
Batting: RHB Jaime Aguirre
|
0-0: Ball 1-0: Ground out 5-3 (Groundball, 5)
|
Batting: LHB Brady Phillips
|
0-0: SINGLE (Line Drive, 9LS)
|
Batting: LHB Pedro Oropesa
|
0-0: Ball 1-0: Called Strike 1-1: Ball 2-1: Foul Ball, location: 2F 2-2: Strikes out swinging, 2-3 out at first.
|
Top of the 1st over - 0 run(s), 1 hit(s), 0 error(s), 1 left on base; Creighton 0 - Oregon 0 |
BOTTOM OF THE 1ST |
Oregon Ducks batting - Pitching for Creighton Blue Jays : RHP Mike Schmidt
|
Pitching: RHP Mike Schmidt
|
|
Batting: LHB Peter Rodgers
|
0-0: Ball 1-0: Called Strike 1-1: Foul Ball, location: 2F 1-2: Strikes out swinging
|
Batting: RHB Sean Smith
|
0-0: Ball 1-0: Ball 2-0: Foul Ball, location: 2F 2-1: Foul Ball, location: 2F 2-2: Ground out 4-3 (Groundball, 4)
|
Batting: SHB Martin Goodwin
|
0-0: Ball 1-0: Foul Ball, location: 2F 1-1: Called Strike 1-2: Foul Ball, location: 2F 1-2: Ball 2-2: Ground out U3 (Groundball, 3)
|
Bottom of the 1st over - 0 run(s), 0 hit(s), 0 error(s), 0 left on base; Creighton 0 - Oregon 0 |
TOP OF THE 2ND |
Creighton Blue Jays batting - Pitching for Oregon Ducks : RHP Larry Messer
|
Batting: RHB Gabriel Santana
|
0-0: Ball 1-0: Called Strike 1-1: Called Strike 1-2: Strikes out swinging
|
Batting: LHB Steve Edwards
|
0-0: SINGLE (Line Drive, 78S)
|
Batting: RHB Terry Collins
|
0-0: Swinging Strike 0-1: Swinging Strike 0-2: Strikes out swinging
|
Batting: LHB Raúl Hernández
|
0-0: Ball 1-0: Ball 2-0: Called Strike 2-1: Foul Ball, location: 2F 2-2: Ball 3-2: Strikes out looking
|
Top of the 2nd over - 0 run(s), 1 hit(s), 0 error(s), 1 left on base; Creighton 0 - Oregon 0 |
BOTTOM OF THE 2ND |
Oregon Ducks batting - Pitching for Creighton Blue Jays : RHP Mike Schmidt
|
Batting: RHB Jason Wheeler
|
0-0: Ball 1-0: Ball 2-0: Called Strike 2-1: Ground out 6-3 (Groundball, 6)
|
Batting: RHB Michael Heller
|
0-0: Swinging Strike 0-1: Foul Ball, location: 2F 0-2: Ground out 1-3 (Groundball, 15S)
|
Batting: LHB Jerry López
|
0-0: Ball 1-0: Called Strike 1-1: Ball 2-1: SOLO HOME RUN (Flyball, 9LD), Distance : 327 ft
|
Batting: RHB José Vega
|
0-0: Swinging Strike 0-1: Ground out 1-5-3 (Groundball, 15S)
|
Bottom of the 2nd over - 1 run(s), 1 hit(s), 0 error(s), 0 left on base; Creighton 0 - Oregon 1 |
TOP OF THE 3RD |
Creighton Blue Jays batting - Pitching for Oregon Ducks : RHP Larry Messer
|
Batting: RHB Michael Carr
|
0-0: Ball 1-0: Ball 2-0: Foul Ball, location: 2F 2-1: SINGLE (Line Drive, 9LS)
|
Batting: LHB Marcos Torres
|
0-0: Fielders Choice at 2nd, 4-6 (Groundball, 4)
|
Batting: RHB Jaime Aguirre
|
0-0: Called Strike 0-1: Foul Ball, location: 2F 0-2: Foul Ball, location: 2F 0-2: Strikes out swinging
|
Batting: LHB Brady Phillips
|
0-0: Ball Marcos Torres is caught stealing 2nd base
|
Top of the 3rd over - 0 run(s), 1 hit(s), 0 error(s), 0 left on base; Creighton 0 - Oregon 1 |
BOTTOM OF THE 3RD |
Oregon Ducks batting - Pitching for Creighton Blue Jays : RHP Mike Schmidt
|
Batting: RHB Ben Donnelly
|
0-0: Called Strike 0-1: Ball 1-1: Ball 2-1: SINGLE (Groundball, 4MD)
|
Batting: RHB Tim Smith
|
0-0: Ball 1-0: Called Strike 1-1: Ball 2-1: Ball 3-1: Swinging Strike 3-2: Base on Balls Ben Donnelly to second
|
Batting: LHB Peter Rodgers
|
0-0: Sac Bunt - play at first, batter OUT! 5-3 Ben Donnelly to third Tim Smith to second
|
Batting: RHB Sean Smith
|
0-0: Ball 1-0: Ball 2-0: Foul Ball, location: 2F 2-1: Ball 3-1: Foul Ball, location: 2F 3-2: Foul Ball, location: 2F 3-2: Strikes out swinging
|
Batting: SHB Martin Goodwin
|
0-0: Called Strike 0-1: Swinging Strike 0-2: Strikes out looking
|
Bottom of the 3rd over - 0 run(s), 1 hit(s), 0 error(s), 2 left on base; Creighton 0 - Oregon 1 |
TOP OF THE 4TH |
Creighton Blue Jays batting - Pitching for Oregon Ducks : RHP Larry Messer
|
Batting: LHB Brady Phillips
|
0-0: Fly out, F5 (Popup, 5D)
|
Batting: LHB Pedro Oropesa
|
0-0: Called Strike 0-1: Fly out, F7 (Flyball, 7LSF)
|
Batting: RHB Gabriel Santana
|
0-0: Called Strike 0-1: Called Strike 0-2: Ball 1-2: Strikes out swinging
|
Top of the 4th over - 0 run(s), 0 hit(s), 0 error(s), 0 left on base; Creighton 0 - Oregon 1 |
BOTTOM OF THE 4TH |
Oregon Ducks batting - Pitching for Creighton Blue Jays : RHP Mike Schmidt
|
Batting: RHB Jason Wheeler
|
0-0: Ball 1-0: Called Strike 1-1: Ball 2-1: Called Strike 2-2: Ball 3-2: SINGLE (Groundball, 56) (infield hit)
|
Batting: RHB Michael Heller
|
0-0: Called Strike Jason Wheeler is caught stealing 2nd base 0-1: Foul Ball, location: 2F 0-2: Strikes out swinging
|
Batting: LHB Jerry López
|
0-0: Ball 1-0: Ball 2-0: Ball 3-0: Base on Balls
|
Batting: RHB José Vega
|
0-0: Ball 1-0: Ball 2-0: Called Strike 2-1: SINGLE (Groundball, 6D) Jerry López to second
|
Batting: RHB Ben Donnelly
|
0-0: Ball 1-0: Ball 2-0: Ball 3-0: Base on Balls Jerry López to third José Vega to second
|
Batting: RHB Tim Smith
|
0-0: Called Strike 0-1: Ball 1-1: Ball 2-1: Foul Ball, location: 2F 2-2: Ball 3-2: Ground out 5-3 (Groundball, 56)
|
Bottom of the 4th over - 0 run(s), 2 hit(s), 0 error(s), 3 left on base; Creighton 0 - Oregon 1 |
TOP OF THE 5TH |
Creighton Blue Jays batting - Pitching for Oregon Ducks : RHP Larry Messer
|
Batting: LHB Steve Edwards
|
0-0: Ground out 3-1 (Groundball, 34S)
|
Batting: RHB Terry Collins
|
0-0: Called Strike 0-1: Ball 1-1: Swinging Strike 1-2: Strikes out looking
|
Batting: LHB Raúl Hernández
|
0-0: Called Strike 0-1: Ground out 2-3 (Groundball, 2L)
|
Top of the 5th over - 0 run(s), 0 hit(s), 0 error(s), 0 left on base; Creighton 0 - Oregon 1 |
BOTTOM OF THE 5TH |
Oregon Ducks batting - Pitching for Creighton Blue Jays : RHP Mike Schmidt
|
Batting: LHB Peter Rodgers
|
0-0: Ball 1-0: Ball 2-0: Ball 3-0: Base on Balls
|
Pitching: LHP John Larson
|
|
Batting: RHB Sean Smith
|
0-0: Called Strike 0-1: Ball 1-1: Called Strike 1-2: Foul Ball, location: 2F 1-2: Grounds into double play, 6-4-3 (Groundball, 6)
|
Batting: SHB Martin Goodwin
|
0-0: Ball 1-0: Ball 2-0: Swinging Strike 2-1: Ball 3-1: Called Strike 3-2: Base on Balls
|
Batting: RHB Jason Wheeler
|
0-0: Called Strike 0-1: Foul Ball, location: 2F 0-2: Foul Ball, location: 2F 0-2: Foul Ball, location: 2F 0-2: Ball 1-2: Strikes out swinging
|
Bottom of the 5th over - 0 run(s), 0 hit(s), 0 error(s), 1 left on base; Creighton 0 - Oregon 1 |
TOP OF THE 6TH |
Creighton Blue Jays batting - Pitching for Oregon Ducks : RHP Larry Messer
|
Batting: RHB Michael Carr
|
0-0: Swinging Strike 0-1: Foul Ball, location: 2F 0-2: Ground out U3 (Groundball, 3)
|
Batting: LHB Marcos Torres
|
0-0: Ball 1-0: SOLO HOME RUN (Flyball, 9D), Distance : 346 ft
|
Batting: RHB Jaime Aguirre
|
0-0: Ball 1-0: Swinging Strike 1-1: Ball 2-1: Ground out 3-1 (Groundball, 34S)
|
Batting: LHB Brady Phillips
|
0-0: Ball 1-0: Fly out, F9 (Line Drive, 9)
|
Top of the 6th over - 1 run(s), 1 hit(s), 0 error(s), 0 left on base; Creighton 1 - Oregon 1 |
BOTTOM OF THE 6TH |
Oregon Ducks batting - Pitching for Creighton Blue Jays : LHP John Larson
|
Batting: RHB Michael Heller
|
0-0: Ball 1-0: Fly out, F4 (Popup, 4D)
|
Batting: LHB Jerry López
|
0-0: Ball 1-0: Foul Ball, location: 2F 1-1: Swinging Strike 1-2: Ball 2-2: Foul Ball, location: 2F 2-2: Strikes out looking
|
Batting: RHB José Vega
|
0-0: Ball 1-0: Called Strike 1-1: Ball 2-1: Fly out, F4 (Line Drive, 4)
|
Bottom of the 6th over - 0 run(s), 0 hit(s), 0 error(s), 0 left on base; Creighton 1 - Oregon 1 |
TOP OF THE 7TH |
Creighton Blue Jays batting - Pitching for Oregon Ducks : RHP Larry Messer
|
Batting: LHB Pedro Oropesa
|
0-0: Foul Ball, location: 2F 0-1: Ball 1-1: Foul Ball, location: 2F 1-2: Ball 2-2: Fly out, F7 (Flyball, 7)
|
Batting: RHB Gabriel Santana
|
0-0: Foul Ball, location: 2F 0-1: Ball 1-1: Ball 2-1: Swinging Strike 2-2: Foul Ball, location: 2F 2-2: Ball 3-2: Base on Balls
|
Pitching: LHP Chad Waterman
|
|
Batting: LHB Steve Edwards
|
0-0: Ball 1-0: Ball 2-0: Ball 3-0: Base on Balls Gabriel Santana to second
|
Batting: RHB Terry Collins
|
0-0: Called Strike 0-1: Foul Ball, location: 2F 0-2: Ball 1-2: Strikes out swinging
|
Pinch Hitting: RHB Carlos Gómez
|
0-0: Ball 1-0: Called Strike 1-1: Fielders Choice at 2nd, 5-4 (Groundball, 56)
|
Top of the 7th over - 0 run(s), 0 hit(s), 0 error(s), 1 left on base; Creighton 1 - Oregon 1 |
BOTTOM OF THE 7TH |
Oregon Ducks batting - Pitching for Creighton Blue Jays : LHP John Larson
|
Now in CF: Rob Johnstone
|
|
Batting: RHB Ben Donnelly
|
0-0: Single, Error in OF, E8, batter to second base
|
Batting: RHB Tim Smith
|
0-0: Intentional Walk
|
Batting: LHB Peter Rodgers
|
0-0: Swinging Strike 0-1: Ball 1-1: Sac Bunt - play at first, batter OUT! 1-4 Ben Donnelly to third Tim Smith to second
|
Batting: RHB Sean Smith
|
0-0: Intentional Walk
|
Batting: SHB Martin Goodwin
|
0-0: Called Strike 0-1: Ball 1-1: Ball 2-1: Fly out, F9 (Flyball, 9S) Lined into DP, 9-5 (Flyball, 9S)
|
Bottom of the 7th over - 0 run(s), 1 hit(s), 1 error(s), 2 left on base; Creighton 1 - Oregon 1 |
TOP OF THE 8TH |
Creighton Blue Jays batting - Pitching for Oregon Ducks : LHP Chad Waterman
|
Pinch Hitting: RHB Ed Lindsey
|
0-0: Called Strike 0-1: Ball 1-1: Foul Ball, location: 2F 1-2: Ball 2-2: Ball 3-2: SINGLE (Flyball, 8LS)
|
Batting: LHB Marcos Torres
|
0-0: Ball 1-0: Bunted foul 1-1: Sac Bunt - play at first, batter OUT! 2-4 Ed Lindsey to second
|
Batting: RHB Jaime Aguirre
|
0-0: Ball 1-0: Called Strike 1-1: Ball 2-1: Ball 3-1: Foul Ball, location: 2F 3-2: SINGLE (Line Drive, 8RS) Ed Lindsey to third
|
Batting: LHB Brady Phillips
|
0-0: Ball Jaime Aguirre is caught stealing 2nd base 1-0: SINGLE (Flyball, 8LS) Ed Lindsey scores
|
Batting: LHB Pedro Oropesa
|
0-0: Called Strike 0-1: Ball 1-1: Ball 2-1: Foul Ball, location: 2F 2-2: Ball 3-2: Foul Ball, location: 2F 3-2: Strikes out looking
|
Top of the 8th over - 1 run(s), 3 hit(s), 0 error(s), 1 left on base; Creighton 2 - Oregon 1 |
BOTTOM OF THE 8TH |
Oregon Ducks batting - Pitching for Creighton Blue Jays : LHP John Larson
|
Pitching: RHP David Chávez
|
|
Now at 1B: Miguel Maldonado
|
|
Batting: RHB Jason Wheeler
|
0-0: Swinging Strike 0-1: Swinging Strike 0-2: Strikes out swinging
|
Batting: RHB Michael Heller
|
0-0: Ball 1-0: Swinging Strike 1-1: Swinging Strike 1-2: Ball 2-2: Foul Ball, location: 2F 2-2: Ball 3-2: Base on Balls
|
Pitching: LHP Colton Gibson
|
|
Batting: LHB Jerry López
|
0-0: Called Strike 0-1: Bunt - Flyout! F1
|
Pitching: RHP George Williams
|
|
Batting: RHB José Vega
|
0-0: Fly out, F3 (Popup, 3L)
|
Bottom of the 8th over - 0 run(s), 0 hit(s), 0 error(s), 1 left on base; Creighton 2 - Oregon 1 |
TOP OF THE 9TH |
Creighton Blue Jays batting - Pitching for Oregon Ducks : LHP Chad Waterman
|
Batting: RHB Gabriel Santana
|
0-0: Called Strike 0-1: Swinging Strike 0-2: Ball 1-2: Foul Ball, location: 2F 1-2: Strikes out swinging
|
Pitching: RHP Jason McBride
|
|
Batting: LHB Steve Edwards
|
0-0: Ball 1-0: Ball 2-0: Called Strike 2-1: Foul Ball, location: 2F 2-2: Ball 3-2: Foul Ball, location: 2F 3-2: SINGLE (Groundball, 34S) (infield hit)
|
Batting: RHB Terry Collins
|
0-0: Called Strike 0-1: Ball 1-1: Ball 2-1: Ball 3-1: Base on Balls Steve Edwards to second
|
Batting: LHB Rob Johnstone
|
0-0: Called Strike 0-1: Ball 1-1: Called Strike 1-2: Ball 2-2: Ball 3-2: Ground out 2-3 (Groundball, 15S) Steve Edwards to third Terry Collins to second
|
Batting: LHB Miguel Maldonado
|
0-0: Ball 1-0: Called Strike 1-1: Ball 2-1: SINGLE (Groundball, 4MD) Steve Edwards scores Terry Collins to third Runner from 3rd tries for Home, SAFE, no throw
|
Pitching: RHP Roy Wellon
|
|
Batting: LHB Marcos Torres
|
0-0: Called Strike 0-1: Ball 1-1: 2-RUN HOME RUN (Flyball, 9D), Distance : 358 ft
|
Batting: RHB Jaime Aguirre
|
0-0: Foul Ball, location: 2F 0-1: Swinging Strike 0-2: Strikes out looking
|
Top of the 9th over - 4 run(s), 3 hit(s), 0 error(s), 0 left on base; Creighton 6 - Oregon 1 |
BOTTOM OF THE 9TH |
Oregon Ducks batting - Pitching for Creighton Blue Jays : RHP George Williams
|
Batting: RHB Ben Donnelly
|
0-0: Ball 1-0: Ball 2-0: SOLO HOME RUN (Flyball, 7D), Distance : 368 ft
|
Batting: RHB Tim Smith
|
0-0: Called Strike 0-1: Called Strike 0-2: Foul Ball, location: 2F 0-2: Foul Ball, location: 2F 0-2: Ground out 6-3 (Groundball, 6)
|
Batting: LHB Peter Rodgers
|
0-0: Ball 1-0: Foul Ball, location: 2F 1-1: Called Strike 1-2: Strikes out looking
|
Batting: RHB Sean Smith
|
0-0: Fly out, F6 (Line Drive, 6)
|
Bottom of the 9th over - 1 run(s), 1 hit(s), 0 error(s), 0 left on base; Creighton 6 - Oregon 2 |
|